[Event "Holiday Invitational-GM 2019"]
[Site "Charlotte"]
[Date "2019.12.27"]
[Round "1.1"]
[White "Jacobson, Brandon"]
[Black "Iotov, Valentin"]
[Result "1-0"]
[ECO "D10"]
[WhiteElo "2472"]
[BlackElo "2516"]
[Annotator "ChessBase"]
[PlyCount "77"]
[EventDate "2019.12.26"]
[EventType "tourn"]
[EventCountry "USA"]
[SourceTitle "playchess.com"]
[Source "ChessBase"]
[SourceQuality "1"]
[TimeControl "5400+30"]

1. d4 d5 2. c4 c6 3. cxd5 cxd5 4. Nc3 Nf6 5. Bf4 Nc6 6. e3 Bg4 7. Qb3 Na5 8. Qa4+ Bd7 9. Qc2 e6 10. Bd3 Nc6 11. Qe2 Be7 12. h3 O-O 13. Nf3 Rc8 14. O-O Nh5 15. Bh2 f5 16. Rfc1 Nf6 17. Qd1 Ne4 18. Ne2 Qb6 19. a3 a5 20. Rab1 g5 21. Nc3 Be8 22. Na4 Qd8 23. Qb3 Bd6 24. Bxd6 Nxd6 25. Nc5 Qe7 26. Nxg5 Qxg5 27. Nxe6 Qe7 28. Nxf8 Bf7 29. Nxh7 Kxh7 30. Qd1 Qg5 31. Kh2 Ne4 32. Bxe4 dxe4 33. f4 exf3 34. Qxf3 Nxd4 35. Qxb7 Rg8 36. exd4 Rg7 37. Qf3 f4 38. Rc5 Qh4 39. Rf1 1-0

[Event "Holiday Invitational-GM 2019"]
[Site "Charlotte"]
[Date "2019.12.27"]
[Round "1.2"]
[White "Steingrimsson, Hedinn"]
[Black "Sinha, Sahil"]
[Result "1/2-1/2"]
[ECO "A18"]
[WhiteElo "2530"]
[BlackElo "2296"]
[Annotator "ChessBase"]
[PlyCount "73"]
[EventDate "2019.12.26"]
[EventType "tourn"]
[EventCountry "USA"]
[SourceTitle "playchess.com"]
[Source "ChessBase"]
[SourceQuality "1"]
[TimeControl "5400+30"]

1. c4 Nf6 2. Nc3 e6 3. e4 d5 4. e5 d4 5. exf6 dxc3 6. bxc3 Qxf6 7. Nf3 Nc6 8. Bd3 e5 9. O-O Bc5 10. Re1 O-O 11. Qc2 h6 12. Bh7+ Kh8 13. Be4 Bd7 14. h3 Rad8 15. Bb2 Rfe8 16. Rad1 Be6 17. d3 a6 18. Re2 Kg8 19. Rde1 Bd7 20. a4 b6 21. Qb1 a5 22. Qa1 Qd6 23. Bd5 Qg6 24. d4 exd4 25. cxd4 Bb4 26. Rxe8+ Rxe8 27. Rxe8+ Bxe8 28. Qd1 Ne7 29. Ne5 Qd6 30. Be4 Ba3 31. Bc3 Bb4 32. Bb2 Ba3 33. Bc3 Bb4 34. Ba1 f6 35. Nf3 Qd7 36. Bc2 c6 37. Ne1 1/2-1/2

[Event "Holiday Invitational-GM 2019"]
[Site "Charlotte"]
[Date "2019.12.27"]
[Round "1.3"]
[White "Balakrishnan, Praveen"]
[Black "Kaliksteyn, Alexander"]
[Result "1/2-1/2"]
[ECO "D02"]
[WhiteElo "2466"]
[BlackElo "2381"]
[Annotator "ChessBase"]
[PlyCount "62"]
[EventDate "2019.12.26"]
[EventType "tourn"]
[EventCountry "USA"]
[SourceTitle "playchess.com"]
[Source "ChessBase"]
[SourceQuality "1"]
[TimeControl "5400+30"]

1. d4 d5 2. Nf3 c6 3. Bf4 Nf6 4. e3 Bg4 5. Nbd2 e6 6. h3 Bxf3 7. Nxf3 Bd6 8. Ne5 Qc7 9. Bd3 Nbd7 10. Nxd7 Nxd7 11. Qg4 g6 12. O-O Bxf4 13. exf4 Qb6 14. Rfd1 Qxb2 15. Rab1 Qxd4 16. Rxb7 Qf6 17. Rc7 Nc5 18. Bf1 O-O 19. Rxc6 h5 20. Qf3 Rfc8 21. Qxd5 exd5 22. Rxf6 Ne4 23. Ra6 Rxc2 24. Rxd5 Rc1 25. g3 Rb8 26. Rd4 Nxg3 27. fxg3 Rbb1 28. Rxa7 Rxf1+ 29. Kg2 Rg1+ 30. Kf2 Rbf1+ 31. Ke2 Re1+ 1/2-1/2

[Event "Holiday Invitational-GM 2019"]
[Site "Charlotte"]
[Date "2019.12.27"]
[Round "1.4"]
[White "Korley, Kassa"]
[Black "Karthik Venkataraman"]
[Result "1-0"]
[ECO "B13"]
[WhiteElo "2432"]
[BlackElo "2470"]
[Annotator "ChessBase"]
[PlyCount "145"]
[EventDate "2019.12.26"]
[EventType "tourn"]
[EventCountry "USA"]
[SourceTitle "playchess.com"]
[Source "ChessBase"]
[SourceQuality "1"]
[TimeControl "5400+30"]

1. d4 c5 2. e3 cxd4 3. exd4 d5 4. Bd3 Nc6 5. c3 Qc7 6. Ne2 e6 7. Bf4 Bd6 8. Bxd6 Qxd6 9. O-O Nge7 10. f4 Nf5 11. Qe1 O-O 12. Nd2 Bd7 13. Ng3 f6 14. Nxf5 exf5 15. Qg3 Rae8 16. Rae1 Nd8 17. Nf3 g6 18. Nh4 Kf7 19. Qf3 Rxe1 20. Rxe1 Re8 21. Rxe8 Kxe8 22. g3 Nf7 23. Ng2 Qb6 24. Qe2+ Kd8 25. Ne3 Be6 26. Nd1 Bd7 27. Ne3 Be6 28. Qc2 Nd6 29. Bf1 Nc8 30. Nd1 Ne7 31. Nf2 Bd7 32. Nd3 Qd6 33. Nc5 Bc8 34. Bg2 b6 35. Nd3 a5 36. b4 Ba6 37. bxa5 Bxd3 38. Qxd3 bxa5 39. c4 dxc4 40. Qxc4 Qa3 41. Qe6 a4 42. Bf1 Kc7 43. Qxf6 Nc6 44. Qf7+ Kb6 45. Qe6 Kc7 46. d5 Qc5+ 47. Kg2 Nb4 48. Qe5+ Kd7 49. Kh3 Nxa2 50. Qe6+ Kc7 51. d6+ Qxd6 52. Qxa2 Qd1 53. Qc4+ Kd6 54. Be2 Qb3 55. Qd4+ Kc7 56. Qc5+ Kb7 57. Bc4 Qd1 58. Bd5+ Ka6 59. Qc6+ Ka5 60. Qc7+ Kb5 61. Bc6+ Kb4 62. Qb6+ Ka3 63. Qc5+ Kb3 64. Bd5+ Kb2 65. Qb4+ Kc1 66. Qa3+ Kd2 67. Bc4 Qc2 68. Bb5 Qb3 69. Qxa4 Qf3 70. Qa2+ Ke1 71. Qa1+ Kd2 72. Qb2+ Ke1 73. Qc1+ 1-0

[Event "Holiday Invitational-GM 2019"]
[Site "Charlotte"]
[Date "2019.12.27"]
[Round "1.5"]
[White "Wang, Justin"]
[Black "Mishra, Abhimanyu"]
[Result "1-0"]
[ECO "B48"]
[WhiteElo "2454"]
[BlackElo "2397"]
[Annotator "ChessBase"]
[PlyCount "73"]
[EventDate "2019.12.26"]
[EventType "tourn"]
[EventCountry "USA"]
[SourceTitle "playchess.com"]
[Source "ChessBase"]
[SourceQuality "1"]
[TimeControl "5400+30"]

1. e4 c5 2. Nf3 e6 3. d4 cxd4 4. Nxd4 Nc6 5. Nc3 Qc7 6. Be3 a6 7. Qd2 Nf6 8. O-O-O Be7 9. f3 b5 10. Nxc6 dxc6 11. g4 a5 12. g5 Nd7 13. f4 a4 14. e5 O-O 15. Ne4 Rd8 16. Bd3 Kh8 17. Qg2 b4 18. Nd6 Kg8 19. Be4 b3 20. a3 Ba6 21. Qh3 Nf8 22. Bxh7+ Nxh7 23. g6 Ng5 24. fxg5 fxg6 25. Qxe6+ Kh7 26. Rd4 Bxg5 27. Bxg5 Be2 28. Rh4+ Bh5 29. Bxd8 Qxd8 30. Rxh5+ gxh5 31. Qf5+ Kg8 32. Qf7+ Kh7 33. Qxh5+ Kg8 34. Qf7+ Kh7 35. Rg1 Qf8 36. Qxf8 Rxf8 37. e6 1-0

[Event "Holiday Invitational-GM 2019"]
[Site "Charlotte"]
[Date "2019.12.27"]
[Round "2.1"]
[White "Jacobson, Brandon"]
[Black "Steingrimsson, Hedinn"]
[Result "1/2-1/2"]
[ECO "C54"]
[WhiteElo "2472"]
[BlackElo "2530"]
[Annotator "ChessBase"]
[PlyCount "32"]
[EventDate "2019.12.26"]
[EventType "tourn"]
[EventCountry "USA"]
[SourceTitle "playchess.com"]
[Source "ChessBase"]
[SourceQuality "1"]
[TimeControl "5400+30"]

1. e4 e5 2. Nf3 Nc6 3. Bc4 Nf6 4. d3 Bc5 5. c3 a6 6. O-O d6 7. a4 Ba7 8. Nbd2 O-O 9. h3 h6 10. Re1 Re8 11. b4 Be6 12. Bxe6 Rxe6 13. Qc2 Qd7 14. Rb1 b5 15. Nf1 d5 16. Be3 Bxe3 1/2-1/2

[Event "Holiday Invitational-GM 2019"]
[Site "Charlotte"]
[Date "2019.12.27"]
[Round "2.2"]
[White "Karthik Venkataraman"]
[Black "Wang, Justin"]
[Result "1-0"]
[ECO "C77"]
[WhiteElo "2470"]
[BlackElo "2454"]
[Annotator "ChessBase"]
[PlyCount "111"]
[EventDate "2019.12.26"]
[EventType "tourn"]
[EventCountry "USA"]
[SourceTitle "playchess.com"]
[Source "ChessBase"]
[SourceQuality "1"]
[TimeControl "5400+30"]

1. e4 e5 2. Nf3 Nc6 3. Bb5 a6 4. Ba4 Nf6 5. Nc3 b5 6. Bb3 Be7 7. a4 b4 8. Nd5 O-O 9. Nxf6+ Bxf6 10. O-O Rb8 11. Bd5 Ne7 12. Bc4 Ng6 13. Re1 Bb7 14. d3 a5 15. Be3 Re8 16. Nd2 c6 17. Ba2 Ba6 18. Nb3 d6 19. g3 Qc7 20. h4 Nf8 21. Nd2 Ne6 22. Nf3 Bb7 23. Nh2 d5 24. Ng4 Be7 25. Qf3 Rbd8 26. Qf5 Bc5 27. exd5 Nd4 28. d6 Rxd6 29. Qh5 Nf3+ 30. Kf1 Bxe3 31. Rxe3 c5 32. Qf5 Nd4 33. Rxe5 Rf8 34. Rxc5 Qb6 35. Qe5 b3 36. Bxb3 Nxb3 37. cxb3 Re6 38. Qc3 Rfe8 39. d4 Qa6+ 40. Kg1 Qe2 41. d5 Rg6 42. Nh2 h5 43. Nf3 Qa6 44. Re1 Rd8 45. Ne5 Rf6 46. Nc6 Bxc6 47. Rxc6 Rxc6 48. Qxc6 Qd3 49. Re8+ Rxe8 50. Qxe8+ Kh7 51. Qxf7 Qxb3 52. Qxh5+ Kg8 53. Qe8+ Kh7 54. Qe4+ Kg8 55. Qd4 Qc2 56. d6 1-0

[Event "Holiday Invitational-GM 2019"]
[Site "Charlotte"]
[Date "2019.12.27"]
[Round "2.3"]
[White "Kaliksteyn, Alexander"]
[Black "Korley, Kassa"]
[Result "1/2-1/2"]
[ECO "D02"]
[WhiteElo "2381"]
[BlackElo "2432"]
[Annotator "ChessBase"]
[PlyCount "86"]
[EventDate "2019.12.26"]
[EventType "tourn"]
[EventCountry "USA"]
[SourceTitle "playchess.com"]
[Source "ChessBase"]
[SourceQuality "1"]
[TimeControl "5400+30"]

1. d4 d5 2. Bf4 Nf6 3. e3 e6 4. Nf3 Bd6 5. Bg3 O-O 6. Nbd2 c5 7. c3 Qc7 8. Bxd6 Qxd6 9. Ne5 Nfd7 10. f4 f6 11. Nxd7 Bxd7 12. Bd3 cxd4 13. cxd4 e5 14. Qh5 e4 15. Bc2 g6 16. Qe2 a6 17. Bb3 Kg7 18. Nb1 Bb5 19. Qd2 Rc8 20. Nc3 Bc4 21. Bxc4 Rxc4 22. O-O Nd7 23. Rac1 Rac8 24. b3 R4c6 25. Ne2 Qa3 26. Rxc6 Rxc6 27. Rc1 Rxc1+ 28. Nxc1 Nb8 29. Ne2 Nc6 30. h3 Kf7 31. Nc3 Nb4 32. Kh2 h5 33. f5 gxf5 34. Qf2 Qc1 35. Qxf5 Qxc3 36. Qd7+ Kf8 37. Qd8+ Kf7 38. Qd7+ Kf8 39. Qd8+ Kg7 40. Qe7+ Kg6 41. Qe8+ Kg7 42. Qe7+ Kg6 43. Qe8+ Kg7 1/2-1/2

[Event "Holiday Invitational-GM 2019"]
[Site "Charlotte"]
[Date "2019.12.28"]
[Round "4.1"]
[White "Jacobson, Brandon"]
[Black "Korley, Kassa"]
[Result "1/2-1/2"]
[ECO "A49"]
[WhiteElo "2472"]
[BlackElo "2432"]
[Annotator "ChessBase"]
[PlyCount "113"]
[EventDate "2019.12.26"]
[EventType "tourn"]
[EventCountry "USA"]
[SourceTitle "playchess.com"]
[Source "ChessBase"]
[SourceQuality "1"]
[TimeControl "5400+30"]

1. Nf3 Nf6 2. c4 g6 3. b3 Bg7 4. Bb2 O-O 5. g3 d6 6. d4 a5 7. Bg2 c6 8. O-O Bf5 9. Re1 Qc7 10. Nbd2 a4 11. e4 Bg4 12. b4 a3 13. Bc3 e5 14. dxe5 dxe5 15. c5 Rd8 16. Qc2 Nfd7 17. Nc4 Be6 18. Bf1 f6 19. Red1 Na6 20. Qc1 Bf8 21. Nxa3 b6 22. cxb6 Nxb6 23. Rxd8 Qxd8 24. Nc2 c5 25. b5 Nb4 26. Nxb4 cxb4 27. Bd2 Rxa2 28. Rxa2 Bxa2 29. Bxb4 Bxb4 30. Qb2 Bc5 31. Qxa2+ Kg7 32. Kg2 Nc8 33. h4 Nd6 34. Nd2 Qb6 35. Nc4 Nxc4 36. Bxc4 Qd6 37. Bd5 Bb6 38. Qe2 Qc5 39. h5 gxh5 40. Be6 Kf8 41. Bf5 Kg7 42. Bd7 Qd4 43. Be8 h4 44. gxh4 f5 45. Bc6 Kf6 46. Bb7 f4 47. Bc8 h5 48. Bf5 Kg7 49. Qc2 Bc5 50. Be6 Qd6 51. Bf5 Qd4 52. Qe2 Bb6 53. Qf1 Qd2 54. Qg1 Kf8 55. Qf1 Kg7 56. Qg1 Kf8 57. Qf1 1/2-1/2

[Event "Holiday Invitational-GM 2019"]
[Site "Charlotte"]
[Date "2019.12.28"]
[Round "4.2"]
[White "Kaliksteyn, Alexander"]
[Black "Mishra, Abhimanyu"]
[Result "1/2-1/2"]
[ECO "A48"]
[WhiteElo "2381"]
[BlackElo "2397"]
[Annotator "NA"]
[PlyCount "23"]
[EventDate "2019.12.26"]
[EventType "tourn"]
[EventCountry "USA"]
[SourceTitle "playchess.com"]
[Source "ChessBase"]
[SourceQuality "1"]
[TimeControl "5400+30"]

1. d4 Nf6 2. Nf3 g6 3. Bf4 Bg7 4. Nbd2 d6 5. e4 O-O 6. c3 b6 7. Bc4 Bb7 8. Qc2 d5 9. exd5 Nxd5 10. Bg3 Nd7 11. O-O c5 12. Qb3 1/2-1/2

[Event "Holiday Invitational-GM 2019"]
[Site "Charlotte"]
[Date "2019.12.28"]
[Round "4.3"]
[White "Sinha, Sahil"]
[Black "Wang, Justin"]
[Result "1/2-1/2"]
[ECO "E35"]
[WhiteElo "2296"]
[BlackElo "2454"]
[Annotator "ChessBase"]
[PlyCount "212"]
[EventDate "2019.12.26"]
[EventType "tourn"]
[EventCountry "USA"]
[SourceTitle "playchess.com"]
[Source "ChessBase"]
[SourceQuality "1"]
[TimeControl "5400+30"]

1. d4 Nf6 2. c4 e6 3. Nc3 Bb4 4. Qc2 d5 5. cxd5 exd5 6. Bg5 h6 7. Bh4 Be6 8. e3 O-O 9. Nf3 Nbd7 10. Be2 c5 11. dxc5 Rc8 12. a3 Bxc3+ 13. Qxc3 g5 14. Bg3 Ne4 15. Qd4 Ndxc5 16. Rd1 h5 17. Nd2 Nxd2 18. Qxd2 h4 19. Be5 Qe7 20. O-O b6 21. b4 Ne4 22. Qd3 Bf5 23. Qd4 Nc3 24. Bf3 Rc4 25. Qxc3 Rxc3 26. Bxc3 Rc8 27. Rc1 Qe6 28. h3 g4 29. hxg4 Bxg4 30. Bd4 Bxf3 31. gxf3 Rxc1 32. Rxc1 Qf5 33. Kg2 Kf8 34. Rc7 h3+ 35. Kg3 h2 36. Kxh2 Qxf3 37. Kg1 Qd1+ 38. Kg2 Qa4 39. Bf6 Kg8 40. Rc3 Qd7 41. f3 b5 42. Bd4 a6 43. Kg3 Qd6+ 44. Kg2 Qd7 45. Kg3 Kh7 46. Rc5 Kg6 47. Kf2 Qd6 48. Ke2 Kh7 49. Kd3 Qg6+ 50. e4 dxe4+ 51. fxe4 Qg2 52. Rc2 Qf1+ 53. Kd2 Qf3 54. e5 Qxa3 55. Bc3 Qb3 56. Rc1 Qd5+ 57. Ke3 Qc4 58. Rc2 a5 59. bxa5 b4 60. Rh2+ Kg6 61. Bd4 Qb3+ 62. Ke4 Qb1+ 63. Kd5 Qf1 64. Kc5 b3 65. Rb2 Qd3 66. a6 Qxa6 67. Rxb3 Qc8+ 68. Kb4 Kf5 69. Bc3 Ke4 70. Rb2 Qb7+ 71. Kc4 Qc6+ 72. Kb4 Qa6 73. Rd2 Qb6+ 74. Kc4 Qc6+ 75. Kb4 Qb7+ 76. Kc4 Qc7+ 77. Kb4 Ke3 78. Rd6 Qb7+ 79. Kc4 Qc8+ 80. Kb4 Qb8+ 81. Kc4 Qb1 82. Rd2 Qf1+ 83. Kb4 Qf4+ 84. Kb3 Qe4 85. Rd6 Qb1+ 86. Kc4 Qa2+ 87. Kb4 Ke4 88. Rd2 Qb1+ 89. Kc4 Qb7 90. Re2+ Kf3 91. Rd2 Qc7+ 92. Kb3 Ke3 93. Kc2 Qc4 94. Kb2 Ke4 95. Rd6 Qb5+ 96. Kc2 Qc5 97. Rd2 Qc4 98. Kb2 Qb5+ 99. Kc2 Qa4+ 100. Kb2 Qa8 101. Rd4+ Ke3 102. Rd2 Qa7 103. Kb3 Qb7+ 104. Kc2 Qb5 105. Rd6 Qc4 106. Kb2 Qb5+ 1/2-1/2

[Event "Holiday Invitational-GM 2019"]
[Site "Charlotte"]
[Date "2019.12.28"]
[Round "4.4"]
[White "Iotov, Valentin"]
[Black "Karthik Venkataraman"]
[Result "1/2-1/2"]
[ECO "A35"]
[WhiteElo "2516"]
[BlackElo "2470"]
[Annotator "ChessBase"]
[PlyCount "53"]
[EventDate "2019.12.26"]
[EventType "tourn"]
[EventCountry "USA"]
[SourceTitle "playchess.com"]
[Source "ChessBase"]
[SourceQuality "1"]
[TimeControl "5400+30"]

1. c4 c5 2. Nf3 Nc6 3. Nc3 g6 4. e3 Nf6 5. d4 cxd4 6. exd4 d5 7. cxd5 Nxd5 8. Qb3 e6 9. Bb5 Bg7 10. O-O O-O 11. Bxc6 bxc6 12. Na4 Qd6 13. Re1 Rb8 14. Qd1 Ne7 15. Re4 Qd5 16. Nc3 Qa5 17. Qa4 Qxa4 18. Nxa4 Nf5 19. b3 Rd8 20. Bb2 Rb4 21. Rd1 Rb5 22. Nc3 Rb7 23. Ba3 Rbd7 24. Bc5 Nd6 25. Re3 Nf5 26. Re4 Nd6 27. Re3 1/2-1/2

[Event "Holiday Invitational-GM 2019"]
[Site "Charlotte"]
[Date "2019.12.28"]
[Round "4.5"]
[White "Steingrimsson, Hedinn"]
[Black "Balakrishnan, Praveen"]
[Result "1/2-1/2"]
[ECO "E73"]
[WhiteElo "2530"]
[BlackElo "2466"]
[Annotator "RC"]
[PlyCount "165"]
[EventDate "2019.12.26"]
[EventType "tourn"]
[EventCountry "USA"]
[SourceTitle "playchess.com"]
[Source "ChessBase"]
[SourceQuality "1"]
[TimeControl "5400+30"]

1. d4 Nf6 2. c4 g6 3. Nc3 Bg7 4. e4 d6 5. Be2 O-O 6. Be3 e5 7. d5 a5 8. g4 Nfd7 9. h4 Nc5 10. h5 g5 11. Qd2 h6 12. f3 Bd7 13. Nh3 Na4 14. Nd1 c5 15. O-O Nb6 16. Nhf2 Ra7 17. Nh1 Na8 18. Qe1 Nc7 19. Bd2 b6 20. Ne3 Nba6 21. Ng3 Re8 22. Rb1 Qa8 23. b3 Rb8 24. a3 Bf8 25. Bd3 Rbb7 26. Rb2 Qd8 27. Qe2 Qb8 28. Rfb1 Qd8 29. Qe1 Qb8 30. Be2 Qd8 31. Kh2 Qb8 32. Kh3 Qd8 33. Qc1 Qb8 34. Qg1 Qd8 35. Nc2 Qe8 36. Be3 Na8 37. Bf1 Qc8 38. Qf2 Qe8 39. Be2 Qc8 40. Qg1 Qe8 41. Ra2 Qc8 42. Qf1 N8c7 43. Qg1 Na8 44. Rba1 Qb8 45. Qe1 N8c7 46. b4 axb4 47. axb4 cxb4 48. Nxb4 Nc5 49. Qb1 Rxa2 50. Qxa2 Qe8 51. Rb1 Rb8 52. Nc2 Qc8 53. Rb2 Na4 54. Rb3 Na6 55. Bf1 N4c5 56. Rb1 Na4 57. Qa3 N4c5 58. Bg1 Be7 59. Ne3 Bf8 60. Be2 Be7 61. Ngf5 Bf8 62. Bf2 Kh7 63. Ng3 Kg8 64. Nd1 Na4 65. Qc1 Be7 66. Ne3 Bf8 67. Bd1 N4c5 68. Bc2 Qc7 69. Nd1 Qd8 70. Nc3 Qf6 71. Kg2 Qd8 72. Qa3 Ra8 73. Qb2 Rb8 74. Ra1 Qc8 75. Qb1 Be8 76. Ra2 Bd7 77. Rb2 Qc7 78. Nf1 Be7 79. Ne3 Bf8 80. Ra2 Qc8 81. Rb2 Qc7 82. Qd1 Qc8 83. Qb1 1/2-1/2

[Event "Holiday Invitational-GM 2019"]
[Site "Charlotte"]
[Date "2019.12.29"]
[Round "6.2"]
[White "Sinha, Sahil"]
[Black "Karthik Venkataraman"]
[Result "0-1"]
[ECO "E39"]
[WhiteElo "2296"]
[BlackElo "2470"]
[Annotator "ChessBase"]
[PlyCount "102"]
[EventDate "2019.12.26"]
[EventType "tourn"]
[EventCountry "USA"]
[SourceTitle "playchess.com"]
[Source "ChessBase"]
[SourceQuality "1"]
[TimeControl "5400+30"]

1. d4 Nf6 2. c4 e6 3. Nc3 Bb4 4. Qc2 O-O 5. Nf3 c5 6. dxc5 Na6 7. g3 Nxc5 8. Bg2 Nce4 9. O-O Bxc3 10. bxc3 Qc7 11. Bf4 d6 12. Nd2 Nc5 13. Nb3 e5 14. Bg5 Ncd7 15. Rfd1 a5 16. Rab1 h6 17. Bxf6 Nxf6 18. Qd3 Rd8 19. Nd2 Rb8 20. Nf1 Be6 21. Ne3 b6 22. Bd5 Bc8 23. Bf3 Ba6 24. Nd5 Nxd5 25. Bxd5 Rdc8 26. Rb2 Kh8 27. h4 Rf8 28. Rdb1 f5 29. Rd1 Rf6 30. Kg2 Rc8 31. Qe3 Rb8 32. Qd3 Rc8 33. Qe3 Bxc4 34. Qxb6 Qxb6 35. Rxb6 Bxe2 36. Rd2 Bh5 37. c4 e4 38. Rdb2 Bf3+ 39. Kh2 f4 40. Rb7 fxg3+ 41. Kxg3 Rg6+ 42. Kh3 Rg1 43. Re7 Rf8 44. Rd2 Rf4 45. Re8+ Kh7 46. Bg8+ Kg6 47. Be6 Kh5 48. Rd5+ g5 49. Bf7+ Rxf7 50. hxg5 Rxg5 51. Rxd6 Rf4 0-1

[Event "Holiday Invitational-GM 2019"]
[Site "Charlotte"]
[Date "2019.12.29"]
[Round "6.3"]
[White "Iotov, Valentin"]
[Black "Kaliksteyn, Alexander"]
[Result "1/2-1/2"]
[ECO "A13"]
[WhiteElo "2516"]
[BlackElo "2381"]
[Annotator "ChessBase"]
[PlyCount "28"]
[EventDate "2019.12.26"]
[EventType "tourn"]
[EventCountry "USA"]
[SourceTitle "playchess.com"]
[Source "ChessBase"]
[SourceQuality "1"]
[TimeControl "5400+30"]

1. c4 e6 2. Nf3 d5 3. g3 Nf6 4. Bg2 dxc4 5. O-O Nbd7 6. Qa4 c5 7. Nc3 a6 8. Qxc4 b5 9. Qb3 c4 10. Qc2 Bb7 11. b3 Rc8 12. bxc4 Rxc4 13. d3 Rc8 14. Qb2 Qa5 1/2-1/2

[Event "Holiday Invitational-GM 2019"]
[Site "Charlotte"]
[Date "2019.12.29"]
[Round "6.5"]
[White "Balakrishnan, Praveen"]
[Black "Korley, Kassa"]
[Result "1/2-1/2"]
[ECO "D02"]
[WhiteElo "2466"]
[BlackElo "2432"]
[Annotator "ChessBase"]
[PlyCount "43"]
[EventDate "2019.12.26"]
[EventType "tourn"]
[EventCountry "USA"]
[SourceTitle "playchess.com"]
[Source "ChessBase"]
[SourceQuality "1"]
[TimeControl "5400+30"]

1. d4 e6 2. Nf3 d5 3. Bf4 Nf6 4. e3 Bd6 5. Bg3 O-O 6. c4 b6 7. Nc3 Ba6 8. Qa4 Bxg3 9. hxg3 c6 10. Qb3 Qe7 11. Bd3 Rc8 12. Ne5 dxc4 13. Bxc4 c5 14. Rd1 cxd4 15. Rxd4 Bxc4 16. Rxc4 Nbd7 17. Nxd7 Qxd7 18. Rd4 Qc6 19. O-O Rd8 20. Rfd1 Rxd4 21. Rxd4 h5 22. Qd1 1/2-1/2

[Event "Holiday Invitational-GM 2019"]
[Site "Charlotte"]
[Date "2019.12.30"]
[Round "7.1"]
[White "Karthik Venkataraman"]
[Black "Jacobson, Brandon"]
[Result "1/2-1/2"]
[ECO "E14"]
[WhiteElo "2470"]
[BlackElo "2472"]
[Annotator "RC"]
[PlyCount "51"]
[EventDate "2019.12.26"]
[EventType "tourn"]
[EventCountry "USA"]
[SourceTitle "playchess.com"]
[Source "ChessBase"]
[SourceQuality "1"]
[TimeControl "5400+30"]

1. Nf3 d5 2. e3 Nf6 3. c4 e6 4. Nc3 b6 5. b3 Bb7 6. Bb2 Nbd7 7. d4 Bd6 8. Bd3 O-O 9. O-O a6 10. Rc1 Qe7 11. cxd5 exd5 12. Ne2 Ne4 13. Qc2 Rfe8 14. Ne5 Rac8 15. f3 Nef6 16. f4 g6 17. Ng3 c5 18. Qe2 b5 19. dxc5 Bxc5 20. Bd4 Nxe5 21. Bxe5 Nd7 22. Bd4 Bxd4 23. exd4 Qb4 24. Qf2 Rxc1 25. Rxc1 Nf6 26. h3 1/2-1/2

[Event "Holiday Invitational-GM 2019"]
[Site "Charlotte"]
[Date "2019.12.30"]
[Round "8.1"]
[White "Jacobson, Brandon"]
[Black "Kaliksteyn, Alexander"]
[Result "0-1"]
[ECO "B76"]
[WhiteElo "2472"]
[BlackElo "2381"]
[Annotator "ChessBase"]
[PlyCount "112"]
[EventDate "2019.12.26"]
[EventType "tourn"]
[EventCountry "USA"]
[SourceTitle "playchess.com"]
[Source "ChessBase"]
[SourceQuality "1"]
[TimeControl "5400+30"]

1. e4 c5 2. Nf3 d6 3. d4 cxd4 4. Nxd4 Nf6 5. Nc3 g6 6. Be3 Bg7 7. f3 Nc6 8. Qd2 O-O 9. O-O-O d5 10. Nxc6 bxc6 11. Bc4 e6 12. Bb3 Bb7 13. Na4 dxe4 14. Qxd8 Raxd8 15. Nc5 Ra8 16. Na4 Rad8 17. Nc5 Bc8 18. Nxe4 Nxe4 19. fxe4 a6 20. Bb6 Rxd1+ 21. Rxd1 Bb7 22. Rd7 Ba8 23. Bc5 Rb8 24. c3 Bf8 25. Bxf8 Kxf8 26. e5 c5 27. g3 Rc8 28. Bc4 Bc6 29. Ra7 Rd8 30. Rxa6 Bf3 31. a4 Rd1+ 32. Kc2 Rh1 33. Kd2 Rxh2+ 34. Ke3 Bh1 35. Rb6 Rg2 36. a5 Rxg3+ 37. Kf2 Rg4 38. Be2 Ra4 39. a6 c4 40. Bf3 Bxf3 41. Kxf3 Kg7 42. Rb4 Rxa6 43. Rxc4 Ra1 44. b4 Rb1 45. Rc5 g5 46. b5 h5 47. c4 Rb3+ 48. Kg2 h4 49. Rc8 g4 50. Rd8 Rb2+ 51. Kg1 Kg6 52. Rg8+ Kf5 53. Rf8 Kf4 54. Rxf7+ Kg3 55. Rf1 h3 56. Kh1 h2 0-1

[Event "Holiday Invitational-GM 2019"]
[Site "Charlotte"]
[Date "2019.12.30"]
[Round "8.2"]
[White "Iotov, Valentin"]
[Black "Sinha, Sahil"]
[Result "1/2-1/2"]
[ECO "B51"]
[WhiteElo "2516"]
[BlackElo "2296"]
[Annotator "ChessBase"]
[PlyCount "114"]
[EventDate "2019.12.26"]
[EventType "tourn"]
[EventCountry "USA"]
[SourceTitle "playchess.com"]
[Source "ChessBase"]
[SourceQuality "1"]
[TimeControl "5400+30"]

1. e4 c5 2. Nf3 d6 3. Bb5+ Nd7 4. c3 Ngf6 5. Qe2 a6 6. Ba4 b5 7. Bc2 c4 8. b3 cxb3 9. axb3 Bb7 10. O-O e6 11. d4 Be7 12. Nbd2 Rc8 13. c4 Qb6 14. Bd3 b4 15. Bb2 O-O 16. h3 Nh5 17. g3 g6 18. Qe3 e5 19. c5 dxc5 20. Nc4 Qe6 21. dxe5 Qxh3 22. Rfd1 Rcd8 23. Qh6 Rfe8 24. Nd6 Bf8 25. Qxh7+ Kxh7 26. Ng5+ Kg8 27. Nxh3 Bxd6 28. exd6 Bxe4 29. Bxe4 Rxe4 30. Rxa6 c4 31. bxc4 Rxc4 32. Ng5 Ng7 33. Rda1 Nf5 34. Ra8 Rcc8 35. Rxc8 Rxc8 36. Ra7 Rd8 37. Ne4 Kf8 38. Rb7 Nh6 39. Rxb4 f5 40. Ng5 Rb8 41. Rh4 Rxb2 42. Rxh6 Ne5 43. Rh8+ Kg7 44. Re8 Kf6 45. Nh7+ Kg7 46. Re7+ Kh6 47. Nf8 Rb8 48. Rxe5 Rxf8 49. d7 Rd8 50. Re7 g5 51. g4 fxg4 52. Kg2 Kg6 53. Re6+ Kf7 54. Rd6 Ke7 55. Rd1 Rxd7 56. Rxd7+ Kxd7 57. Kg3 Ke6 1/2-1/2

[Event "Holiday Invitational-GM 2019"]
[Site "Charlotte"]
[Date "2019.12.30"]
[Round "8.3"]
[White "Steingrimsson, Hedinn"]
[Black "Karthik Venkataraman"]
[Result "1/2-1/2"]
[ECO "D32"]
[WhiteElo "2530"]
[BlackElo "2470"]
[Annotator "ChessBase"]
[PlyCount "48"]
[EventDate "2019.12.26"]
[EventType "tourn"]
[EventCountry "USA"]
[SourceTitle "playchess.com"]
[Source "ChessBase"]
[SourceQuality "1"]
[TimeControl "5400+30"]

1. Nf3 c5 2. c4 Nf6 3. Nc3 Nc6 4. e3 e6 5. d4 d5 6. cxd5 exd5 7. Bb5 cxd4 8. Nxd4 Bd7 9. O-O Bd6 10. Nf3 a6 11. Bxc6 Bxc6 12. b3 O-O 13. Bb2 Re8 14. Qd4 Qe7 15. Rac1 Rad8 16. Ne2 Bb5 17. Rc2 Qe4 18. Rfc1 Qg6 19. Ng3 Bc6 20. Nh4 Qg5 21. Nf3 Qg6 22. Qh4 Ne4 23. Ne5 Bxe5 24. Bxe5 Nxg3 {[%emt 1:00:56] Kf1} 1/2-1/2

[Event "Holiday Invitational-GM 2019"]
[Site "Charlotte"]
[Date "2019.12.30"]
[Round "8.4"]
[White "Balakrishnan, Praveen"]
[Black "Mishra, Abhimanyu"]
[Result "1-0"]
[ECO "B48"]
[WhiteElo "2466"]
[BlackElo "2397"]
[Annotator "ChessBase"]
[PlyCount "81"]
[EventDate "2019.12.26"]
[EventType "tourn"]
[EventCountry "USA"]
[SourceTitle "playchess.com"]
[Source "ChessBase"]
[SourceQuality "1"]
[TimeControl "5400+30"]

1. e4 c5 2. Nf3 e6 3. d4 cxd4 4. Nxd4 Nc6 5. Nc3 Qc7 6. Be3 a6 7. Qd2 Nf6 8. O-O-O Be7 9. f3 b5 10. Nxc6 dxc6 11. g4 O-O 12. Qf2 Nd7 13. g5 e5 14. h4 Re8 15. h5 Nf8 16. Bd3 a5 17. f4 exf4 18. Bxf4 Qa7 19. Qg3 b4 20. Na4 Ba6 21. g6 fxg6 22. hxg6 Nxg6 23. Bxa6 Qxa6 24. Qb3+ Kh8 25. Qf7 c5 26. Bd6 Bg5+ 27. Kb1 Qe2 28. Nxc5 Rac8 29. Rde1 Qd2 30. e5 Bh6 31. Rhf1 a4 32. Rd1 Qe2 33. Rfe1 Qg4 34. e6 a3 35. e7 Bg5 36. Ne6 Bf6 37. Nd8 Qd7 38. Bxb4 Qb5 39. Rd5 Rxe7 40. Rxe7 Qf1+ 41. Re1 1-0